 Dungeon Crawl Stone Soup version 0.31.0-11-ge490571c62 (webtiles) character file.

Game seed: 5791029024678825452

126 qw the Ducker (level 4, 0/23 HPs)
             Began as a Spriggan Hunter on Feb 3, 2024.
             Slain by a gnoll
             ... wielding a +0 club
              (7 damage)
             ... on level 4 of the Dungeon.
             The game lasted 00:00:08 (2254 turns).

qw the Ducker (Spriggan Hunter)                     Turns: 2254, Time: 00:00:09

Health: 0/23       AC:  4    Str: 15    XL:     4   Next: 83%
Magic:  5/5        EV: 21    Int:  8    God:
Gold:   152        SH:  0    Dex: 24    Spells: 3/3 levels left

rFire   + . .        a - +0 shortbow
rCold   + . .        (shield currently unavailable)
rNeg    . . .        c - +0 robe
rPois   .            (helmet restricted)
rElec   .            l - scarf {rC+ rF+}
rCorr   .            (gloves unavailable)
SInv    +            (boots unavailable)
Will    .....        (no amulet)
Stlth   ++           h - +6 ring of dexterity
HPRegen 0.23/turn    (no ring)
MPRegen 0.09/turn

%: no passive effects
@: very quick
A: very small, no large weapons, unfitting armour, see invisible, speed 3,
antennae 1, iridescent scales 1, strong 2
a: no special abilities


You were on level 4 of the Dungeon.
You visited 1 branch of the dungeon, and saw 4 of its levels.

You collected 152 gold pieces.


Innate Abilities, Weirdness & Mutations

You are very small and have problems with some larger weapons.
You are too small for most types of armour.
You have supernaturally acute eyesight. (SInv)
You cover ground extremely quickly. (Speed+++)
You have a pair of small antennae on your head.
You are partially covered in iridescent scales. (AC +2)
Your muscles are very strong. (Str +8, Int/Dex -2)


   Skills:
 - Level 2.0 Fighting
 - Level 5.0 Ranged Weapons
 + Level 5.0 Dodging
 - Level 1.5 Stealth


You had 3 spell levels left.
You didn't know any spells.
Your spell library was empty.

Inventory:

Hand Weapons
 a - a +0 shortbow (weapon)
Armour
 c - a +0 robe (worn)
 l - a scarf of resistance (worn)
Jewellery
 h - a +6 ring of dexterity (left hand)
Potions
 d - a potion of mutation
 j - a potion of curing
 m - a potion of heal wounds {unknown}

Dungeon Overview and Level Annotations

Branches:
Dungeon (4/15)
 Temple: D:4-7

Altars:
Gozag


Message History

You shoot an arrow. The arrow hits the adder.
The adder is almost dead.
You shoot an arrow. The arrow hits the adder.
You kill the adder!
You shoot an arrow.
The arrow hits the gnoll but does no damage.
The gnoll hits you with a +0 club!
You shoot an arrow. The arrow hits the gnoll.
The gnoll is moderately wounded.
The adder bites you but does no damage. The gnoll barely misses you.
The gnoll closely misses you.
You shoot an arrow. The arrow hits the gnoll!
The gnoll is almost dead.
The adder closely misses you. The gnoll hits you with a +0 club. x2
You shoot an arrow. The arrow hits the gnoll!
You kill the gnoll!
The adder completely misses you. The gnoll misses you.
The adder completely misses you.
Your Fighting skill increases to level 2!
You shoot an arrow. The arrow barely misses the gnoll.
The adder closely misses you. The gnoll barely misses you.
The adder closely misses you.
You shoot an arrow. The arrow hits the gnoll.
The gnoll is lightly wounded.
The gnoll misses you. The adder misses you.
You shoot an arrow. The arrow closely misses the gnoll.
The adder completely misses you. The gnoll completely misses you.
The adder barely misses you. The gnoll misses you.
You shoot an arrow. The arrow barely misses the gnoll.
The adder closely misses you. The gnoll hits you with a +0 club.
You shoot an arrow. The arrow hits the gnoll.
The gnoll is heavily wounded.
The adder closely misses you. The gnoll completely misses you.
The adder closely misses you.
You shoot an arrow. The arrow barely misses the gnoll.
The adder bites you but does no damage. The gnoll closely misses you.
You shoot an arrow. The arrow hits the gnoll.
The gnoll is almost dead.
The adder barely misses you. The gnoll hits you with a +0 club!
You die...

...................#
...................#
...................#
...................#
#########...........#
#...................#
#..................
#.................
...##.@..........#
#Sg).........#
...%..#........
.....)...#.......
...........#......
.................
............. ..
####..........


You could see a gnoll and an adder.

Vanquished Creatures
  An orc wizard (D:3)
  2 gnolls (D:4)
  2 adders
  A dart slug (D:2)
  4 ribbon worms
  3 orcs
  4 ball pythons
  6 endoplasms
  4 giant cockroaches
  4 goblins
  A hobgoblin (D:3)
  4 jackals (D:1)
  A quokka (D:3)
  2 bats (D:2)
  2 frilled lizards (D:2)
  7 kobolds
  A rat (D:3)
49 creatures vanquished.

Vanquished Creatures (others)
  An orc (D:3)
1 creature vanquished.

Grand Total: 50 creatures vanquished

Notes
Turn   | Place    | Note
-------+----------+-------------------------------------------
     0 | D:1      | qw the Spriggan Hunter began the quest for the Orb.
     0 | D:1      | Reached XP level 1. HP: 10/10 MP: 2/2
     0 | D:1      | 0 ||| qw: Version: 0.3-a-157-g843a77d
     0 | D:1      | 0 ||| qw: Game counter: 3872
     0 | D:1      | 0 ||| qw: Melee chars always use a shield: true
     0 | D:1      | 0 ||| qw: God list: Okawaru
     0 | D:1      | 0 ||| qw: Allow faded altars: false
     0 | D:1      | 0 ||| qw: Do Orc after clearing Dungeon:15 true
     0 | D:1      | 0 ||| qw: Do second Lair branch before Depths: true
     0 | D:1      | 0 ||| qw: Lair rune preference: random
     0 | D:1      | 0 ||| qw: Goals: Normal
     0 | D:1      | 0 ||| PLANNING D:1-11
    30 | D:1      | Reached skill level 3 in Dodging
   134 | D:1      | Reached XP level 2. HP: 14/14 MP: 3/3
   539 | D:1      | 539 ||| READING scroll labelled QEWIRO BOTO.
   540 | D:1      | 540 ||| READING scroll labelled PYHAPS KANK.
   641 | D:1      | 641 ||| DROPPING scroll of butterflies.
   910 | D:2      | Reached XP level 3. HP: 17/18 MP: 4/4
  1251 | D:2      | 1251 ||| UPGRADING to +6 ring of dexterity.
  1252 | D:2      | 1252 ||| READING scroll labelled BEYTHRE QUXZOE.
  1252 | D:2      | 1252 ||| IDENTIFYING dark potion
  1253 | D:2      | 1253 ||| READING scroll labelled TOABBA SOWNA.
  1253 | D:2      | 1253 ||| ENCHANTING +0 shortbow.
  1254 | D:2      | 1254 ||| READING scroll labelled MUJADGH TISESOPN.
  1355 | D:2      | 1355 ||| DRINKING 2 fizzy inky potions.
  1356 | D:2      | 1356 ||| DROPPING potion of degeneration.
  1357 | D:2      | 1357 ||| DROPPING potion of brilliance.
  1453 | D:3      | Found an opulent altar of Gozag.
  1676 | D:3      | 1676 ||| DRINKING 2 viscous inky potions.
  1676 | D:3      | Gained mutation: Your muscles are strong. (Str +4, Int/Dex
                  | -1) [potion of mutation]
  1676 | D:3      | Gained mutation: You have a pair of small antennae on your
                  | head. [potion of mutation]
  1676 | D:3      | Gained mutation: You are partially covered in iridescent
                  | scales. (AC +2) [potion of mutation]
  1676 | D:3      | Gained mutation: Your muscles are very strong. (Str +8,
                  | Int/Dex -2) [potion of mutation]
  1677 | D:3      | 1677 ||| DRINKING pink potion.
  1678 | D:3      | 1678 ||| DRINKING sedimented ruby potion.
  1693 | D:3      | Reached XP level 4. HP: 14/22 MP: 5/5
  2163 | D:3      | 2163 ||| UPGRADING to scarf of resistance.
  2168 | D:3      | 2168 ||| READING scroll of identify.
  2168 | D:3      | 2168 ||| IDENTIFYING grey potion
  2169 | D:3      | 2169 ||| READING scroll labelled GOFAGR LOUWNY.
  2172 | D:3      | 2172 ||| READING scroll labelled LOEV SIBECU.
  2173 | D:3      | 2173 ||| READING scroll labelled DUTZUOPN HEUZU.
  2174 | D:3      | 2174 ||| READING scroll labelled NINECV AMAXT.
  2175 | D:3      | 2175 ||| READING scroll labelled DIPYH SAOXENT.
  2204 | D:4      | 2204 ||| STAIRDANCE
  2210 | D:4      | 2210 ||| STAIRDANCE
  2254 | D:4      | Slain by a gnoll

Levels and vault maps discovered:
D:1:      dpeg_arrival_simpleton_c, layout_basic
D:2:      layout_basic, hangedman_feature_mirror
D:3:      layout_loops_corners, lemuel_round_altar
D:4:      layout_basic, minmay_temple_entry_wispy, corexii_leaking_fountain,
          serial_park_tiny_pond

Skill      XL: |  1  2  3  4 |
---------------+-------------+-----
Dodging        | 3 4 5 |  5.0
Ranged Weapons | 5 |  5.0
Fighting       | 2 |  2.0
Stealth        | |  1.5

Action                     |  1- 3 |  4- 6 || total
---------------------------+-------+-------++-------
   Fire: Shortbow          |   114 |    57 ||   171
    Use: Scroll            |     5 |     6 ||    11
         Potion            |     4 |       ||     4
 Armour: Robe              |    23 |    14 ||    37
  Dodge: Dodged            |    66 |    48 ||   114

Table legend:
 A = Non-vault XP
 B = Vault XP
 C = Vault XP percentage of total XP
 D = Non-vault monster count
 E = Vault monster count
 F = Vault count percentage of total count
                 A         B        C        D         E       F
            +---------+---------+-------+---------+---------+-------
      Total |     167 |      13 |   7.2 |      43 |       6 |  12.2
            +---------+---------+-------+---------+---------+-------
        D:1 |      25 |       0 |   0.0 |      13 |       0 |   0.0
        D:2 |      11 |      13 |  54.2 |       6 |       6 |  50.0
        D:3 |      85 |       0 |   0.0 |      20 |       0 |   0.0
        D:4 |      46 |       0 |   0.0 |       4 |       0 |   0.0
            +---------+---------+-------+---------+---------+-------
